 Dungeon Crawl Stone Soup version 0.27-a0-1123-g2f9bb313c0 (webtiles) character file.

Game seed: 2337867740392698134

976 HendSelp the Grappler (level 7, -3/66 HPs)
             Began as a Troll Monk on May 3, 2021.
             Was an Initiate of Ru.
             Shot with an arrow by a centaur (16 damage)
             ... on level 6 of the Dungeon.
             The game lasted 00:05:49 (3959 turns).

HendSelp the Grappler (Troll Monk)                  Turns: 3959, Time: 00:05:50

Health: -3/66      AC:  4    Str: 22    XL:     7   Next: 95%
Magic:  6/6        EV: 10    Int:  6    God:    Ru [......]
Gold:   344        SH:  0    Dex: 12    Spells: 6/6 levels left

rFire    . . .     SeeInvis .     - Unarmed
rCold    . . .     Faith    .   (no shield)
rNeg     . . .     Spirit   .   a - +0 robe
rPois    .         Reflect  .   (helmet restricted)
rElec    .         Harm     .   h - scarf {repulsion}
rCorr    .         Rampage  .   (gloves unavailable)
Will     .....                  (boots unavailable)
Stlth    ++........             (no amulet)
HPRegen  1.21/turn              d - ring of wizardry
MPRegen  0.10/turn              (no ring)

@: repel missiles
A: large, unfitting armour, claws 3, regeneration 1, shaggy fur 1, tough skin 1
a: Renounce Religion, Sacrifice Stealth, Sacrifice Resistance, Sacrifice an Eye,
Reject Sacrifices


You were on level 6 of the Dungeon.
You worshipped Ru.
Ru was noncommittal.
You visited 1 branch of the dungeon, and saw 6 of its levels.

You collected 344 gold pieces.

Inventory:

Armour
 a - a +0 robe (worn)
 h - a scarf of repulsion (worn)
Jewellery
 d - a ring of wizardry (left claw)
Wands
 g - a wand of polymorph (20)
Scrolls
 c - 6 scrolls of teleportation
Potions
 b - 2 potions of haste
 e - 4 potions of attraction
 f - 2 potions of curing
 i - a potion of might {unknown}
 j - a potion of mutation {unknown}
 l - a potion of ambrosia {unknown}


   Skills:
 - Level 2.4 Fighting
 - Level 2.4 Dodging
 - Level 1.0 Stealth
 + Level 9.7 Unarmed Combat


You had 6 spell levels left.
You didn't know any spells.
Your spell library contained the following spells:

 Spells                   Type           Power      Damage    Failure   Level
 Foxfire                  Conj/Fire      0%         2x1d4     21%         1
 Magic Dart               Conj           0%         1d3       21%         1
 Searing Ray              Conj           0%         3d3       28%         2
 Dazzling Flash           Conj/Hex       0%         N/A       50%         3
 Fulminant Prism          Conj/Hex       0%         3d6       86%         4
 Iskenderun's Mystic Bla  Conj/Tloc      0%         2d3       86%         4


Dungeon Overview and Level Annotations

Branches:
Dungeon (6/15)             Temple (0/1) D:5

Altars:
Elyvilon
Kikubaaqudgha
Nemelex Xobeh
Ru
Sif Muna
Vehumet
Xom

Shops:
D:4 *


Innate Abilities, Weirdness & Mutations

You are too large for most types of armour.
You have claws for hands.
Your natural rate of healing is unusually fast.
You are covered in fur. (AC +1)
You have tough skin. (AC +1)


Message History

There are monsters nearby!
You completely miss the ogre.
The ogre is heavily wounded.
The centaur shoots an arrow.
The arrow hits you!
You scratch the ogre.
The ogre is heavily wounded.
The centaur shoots an arrow.
The arrow completely misses you.
The arrow hits the ogre.
The ogre hits you with a +0 giant club!!
* * * LOW HITPOINT WARNING * * *
You are too injured to fight recklessly!
You are too injured to fight recklessly!
You are too injured to fight recklessly!
You are too injured to fight recklessly!
You are too injured to fight recklessly!
You are too injured to fight recklessly!
You are too injured to fight recklessly!
You are too injured to fight recklessly!
You are too injured to fight recklessly!
You are too injured to fight recklessly!
You are too injured to fight recklessly!
Unknown command.
You claw the ogre!
The ogre is almost dead.
The centaur shoots an arrow.
The arrow hits you!
* * * LOW HITPOINT WARNING * * *
Unknown command.
Unknown command.
Unknown command.
Okay, then.
You scratch the ogre.
You kill the ogre!
The centaur shoots an arrow.
The arrow barely misses you.
The centaur shoots an arrow.
The arrow misses you.
The centaur shoots an arrow.
The arrow barely misses you.
There is a stone staircase leading up here.
Unknown command.
Unknown command.
The centaur shoots an arrow.
The arrow hits you!
You die...

#########
#......c#
#..$.....
#.......##
#........#
#........#
#.......@#
#.......##
###+##.).#
###.# ..
###


You could see a centaur.

Vanquished Creatures
  A sky beast (D:5)
  A black bear (D:4)
  4 ogres
  2 scorpions
  A hound (D:4)
  An orc priest (D:5)
  2 iguanas
  4 orc wizards (D:4)
  7 adders
  An ufetubus (D:5)
  An adder zombie (D:5)
  An adder skeleton (D:4)
  2 worms
  4 dart slugs
  8 orcs
  6 bats
  2 endoplasms
  4 giant cockroaches
  10 hobgoblins
  7 jackals
  9 kobolds
  4 quokkas
  9 ball pythons
  4 frilled lizards
  4 goblins
  4 rats
103 creatures vanquished.

Notes
Turn   | Place    | Note
-------+----------+-------------------------------------------
     0 | D:1      | HendSelp the Troll Monk began the quest for the Orb.
     0 | D:1      | Reached XP level 1. HP: 22/22 MP: 0/0
   191 | D:1      | Reached XP level 2. HP: 29/29 MP: 1/1
   377 | D:1      | Found a faded altar of an unknown god.
   479 | D:1      | Reached skill level 4 in Unarmed Combat
   654 | D:2      | Reached XP level 3. HP: 31/36 MP: 2/2
   877 | D:2      | Reached XP level 4. HP: 44/44 MP: 3/3
   891 | D:2      | Reached skill level 5 in Unarmed Combat
  1881 | D:3      | Found a sacrificial altar of Ru.
  2030 | D:3      | Found a shimmering altar of Xom.
  2530 | D:4      | Found Unuufif's Assorted Antiques.
  2618 | D:4      | Found a white marble altar of Elyvilon.
  2627 | D:4      | Reached XP level 5. HP: 27/50 MP: 4/4
  2639 | D:4      | Reached skill level 6 in Unarmed Combat
  2746 | D:4      | Found a sparkling altar of Nemelex Xobeh.
  2882 | D:4      | Noticed an ogre
  2888 | D:4      | Killed an ogre
  2889 | D:4      | Reached XP level 6. HP: 57/59 MP: 5/5
  2975 | D:4      | Reached skill level 7 in Unarmed Combat
  3064 | D:4      | Reached skill level 8 in Unarmed Combat
  3064 | D:4      | Reached XP level 7. HP: 66/66 MP: 6/6
  3082 | D:4      | Found a radiant altar of Vehumet.
  3089 | D:4      | Identified Vehumet's Guide on Battle Magic
  3098 | D:4      | Found an ancient bone altar of Kikubaaqudgha.
  3112 | D:4      | Found a shimmering blue altar of Sif Muna.
  3245 | D:3      | Became a worshipper of Ru the Awakened
  3289 | D:5      | Entered Level 5 of the Dungeon
  3305 | D:5      | Found a staircase to the Ecumenical Temple.
  3309 | D:5      | Reached skill level 9 in Unarmed Combat
  3959 | D:6      | Shot with an arrow by a centaur

Illustrated notes

Levels and vault maps discovered:
D:1:      dpeg_arrival_shelter, layout_loops_cross,
          shapermc_ecumenical_altar_mp_ritualfount
D:2:      layout_basic, ebering_dispersal_statue_hall
D:3:      layout_basic, nicolae_ru_the_path_less_chosen, tgw_xom,
          eino_tiny_chamber, serial_park_tiny_1
D:4:      minmay_opposing_rooms, layout_basic, palyth_temple_overflow_mages,
          nemelex_xobeh_ov_fountains_minmay, nicolae_overflow_crystal_walls,
          serial_shops, nicolae_shop_competitors_out_of_business
D:5:      layout_loops_ring, minmay_temple_entry_proselytizer
D:6:      layout_basic, uniq_duvessa, uniq_pikel

Skill      XL: |  1  2  3  4  5  6  7 |
---------------+----------------------+-----
Unarmed Combat | 4 5 6 8 9 |  9.7
Fighting       | |  2.4
Dodging        | |  2.4
Stealth        | |  1.0

Action                   |  1- 3 |  4- 6 |  7- 9 || total
-------------------------+-------+-------+-------++-------
Melee: Unarmed           |    76 |   147 |    41 ||   264
       Punch             |       |     2 |     2 ||     4
  Use: Scroll            |     3 |     3 |     5 ||    11
 Stab: Sleeping          |       |     2 |     1 ||     3
Armor: Robe              |    34 |    42 |     8 ||    84
Dodge: Dodged            |    36 |    92 |    17 ||   145
       Repelled          |       |     1 |       ||     1

Table legend: (Time is in decaauts)
 A = Elapsed time spent in this place.
 B = Non-inter-level travel time spent in this place.
 C = Inter-level travel time spent in this place.
 D = Time resting spent in this place.
 E = Time spent auto-exploring this place.
 F = Levels seen in this place.
 G = Mean time per level.
                   A        B        C        D        E       F      G
               +--------+--------+--------+--------+--------+-----+--------+
         Total |   3934 |   3675 |    259 |      0 |   3073 |   6 |  655.7 |
       Dungeon |   3934 |   3675 |    259 |      0 |   3073 |   6 |  655.7 |
               +--------+--------+--------+--------+--------+-----+--------+

Top non-repeatable levels by time:
     D:3: 1019 daAuts
     D:2: 903 daAuts
     D:4: 728 daAuts
     D:5: 658 daAuts
     D:1: 618 daAuts
     D:6: 6 daAuts
